 Dungeon Crawl Stone Soup version 0.26-b1-32-g5d43845318 (webtiles) character file.

Game seed: 3565546245728090030

189 jmlagarto the Conjurer (level 5, 0/29 HPs)
             Began as a Deep Elf Conjurer on Jan 13, 2021.
             Killed by nerve-wracking pain
             ... invoked by a shadow imp
              (7 damage)
             ... on level 3 of the Dungeon.
             The game lasted 00:09:53 (2685 turns).

jmlagarto the Conjurer (Deep Elf Conjurer)          Turns: 2685, Time: 00:09:54

Health: 0/29       AC:  6    Str:  4    XL:     5   Next: 40%
Magic:  8/12       EV: 13    Int: 24    God:
Gold:   72         SH:  0    Dex: 13    Spells: 5/11 levels left

rFire    . . .     SeeInvis .   d - +2 dagger (speed)
rCold    . . .     Faith    .   (no shield)
rNeg     . . .     Spirit   .   a - +0 robe
rPois    .         Reflect  .   (no helmet)
rElec    .         Harm     .   m - +0 cloak
rCorr    .         Rampage  .   (no gloves)
Will     .....                  c - +2 pair of boots
Stlth    ++........             (no amulet)
HPRegen  0.09/turn              (no ring)
MPRegen  0.13/turn              (no ring)

@: no status effects
A: no striking features
a: no special abilities


You were on level 3 of the Dungeon.
You visited 1 branch of the dungeon, and saw 3 of its levels.

You collected 72 gold pieces.

Inventory:

Hand Weapons
 d - a +2 dagger of speed (weapon)
Armour
 a - a +0 robe (worn)
 c - a +2 pair of boots (worn)
 m - a +0 cloak (worn)
Scrolls
 f - a scroll of amnesia
 i - a scroll of enchant armour {unknown}
 j - a scroll of fog {unknown}
 k - a scroll of immolation {unknown}
 l - a scroll of fear {unknown}
 n - a scroll of remove curse {unknown}
 o - 2 scrolls of identify
Potions
 b - a potion of might {unknown}
 e - a potion of invisibility {unknown}
 g - 2 potions of attraction
 h - 2 potions of haste {unknown}


   Skills:
 * Level 1.1 Fighting
 * Level 1.7 Short Blades
 + Level 2.8 Dodging
 + Level 3.4 Stealth
 + Level 3.7 Spellcasting
 + Level 5.9 Conjurations


You had 5 spell levels left.
You knew the following spells:

 Your Spells              Type           Power        Failure   Level
a - Magic Dart            Conj           100%         1%          1
b - Searing Ray           Conj           66%          1%          2
c - Dazzling Flash        Conj/Hex       36%          9%          3

Your spell library contained the following spells:

 Spells                   Type           Power        Failure   Level
 Fulminant Prism          Conj/Hex       9%           28%         4
 Iskenderun's Mystic Bla  Conj/Tloc      18%          28%         4


Dungeon Overview and Level Annotations

Branches:
Dungeon (3/15)

Altars:
Xom

Portals:
Abyss: D:3

Annotations:
D:3 1 transporter, grindst0ne's ghost, amateur OgHu


Message History

Confirm with . or Enter, or press ? or * to list all spells.
Aiming: Magic Dart (safe; 1% risk of failure)
Press: ? - help, Shift-Dir - straight line, f/p - grindst0ne's ghost
Aim: grindst0ne's ghost, wielding a vorpal weapon (0% to evade)
The magic dart hits grindst0ne's ghost.
Grindst0ne's ghost is lightly damaged.
Grindst0ne's ghost hits you but does no damage.
The gnoll barely misses you.
Casting: Magic Dart (safe; 1% risk of failure)
Confirm with . or Enter, or press ? or * to list all spells.
The spell is quite dangerous to cast (9% risk of failure)!
Continue anyway?
Grindst0ne's ghost hits you. The gnoll closely misses you.
A small abomination comes into view.
The gnoll hits you with the +1 halberd of a sewer {distort, Str+4}!!
Ouch! That really hurt!
* * * LOW HITPOINT WARNING * * *
You blink.
The shadow imp gestures at you. Pain shoots through your body!
You die...

#....[.....###.###.#..
#................#.#..
##.............[..#.#..
#..###....####......#..
#.##.##..## ####......
#.#..x##.# ....#......
#.####.###..##.##......
#..#....$5.# # #.......
##.###@##.# ...#.....
#...#..### ....#.....
#...#.x.# ###.......
#..##.#.#. #© #......
##.##..#.##.# #..[..
#..#..##.. # .....
#.##§∩.##.. .###
#©#Wg..?.#..
#.#.###..)##


You could see 2 small abominations, a gnoll and a shadow imp.

Vanquished Creatures
  Crazy Yiuf (D:2)
  Jessica (D:2)
  Natasha (D:3)
  5 adders
  A worm (D:2)
  3 dart slugs
  2 leopard geckos (D:2)
  2 giant cockroaches
  5 goblins
  5 hobgoblins
  6 jackals
  A quokka (D:2)
  8 bats
  4 frilled lizards
  8 kobolds
  6 rats
59 creatures vanquished.

Vanquished Creatures (others)
  A fungus (D:2)
1 creature vanquished.

Grand Total: 60 creatures vanquished

Notes
Turn   | Place    | Note
-------+----------+-------------------------------------------
     0 | D:1      | jmlagarto the Deep Elf Conjurer began the quest for the
                  | Orb.
     0 | D:1      | Reached XP level 1. HP: 10/10 MP: 6/6
    95 | D:1      | Reached XP level 2. HP: 11/15 MP: 0/8
   261 | D:1      | Reached skill level 5 in Conjurations
   895 | D:1      | Reached XP level 3. HP: 19/19 MP: 5/9
  1124 | D:2      | Noticed Jessica
  1127 | D:2      | Killed Jessica
  1138 | D:2      | Reached skill level 1 in Short Blades
  1140 | D:2      | Reached XP level 4. HP: 17/24 MP: 0/10
  1302 | D:2      | Found a shimmering altar of Xom.
  1351 | D:2      | Found a shimmering altar of Xom.
  1352 | D:2      | Found a shimmering altar of Xom.
  1353 | D:2      | Found a shimmering altar of Xom.
  1547 | D:2      | Noticed Natasha
  1570 | D:3      | HP: 1/24 [Natasha (8)]
  1579 | D:3      | Killed Natasha
  1984 | D:2      | Reached skill level 1 in Fighting
  2065 | D:2      | Learned a level 2 spell: Searing Ray
  2069 | D:2      | Learned a level 3 spell: Dazzling Flash
  2081 | D:2      | Found a runed translucent door.
  2082 | D:2      | Noticed Crazy Yiuf
  2094 | D:2      | Killed Crazy Yiuf
  2095 | D:2      | Reached XP level 5. HP: 2/29 MP: 5/12
  2614 | D:3      | Found a transporter.
  2666 | D:3      | Noticed a small abomination
  2670 | D:3      | Found a transporter.
  2677 | D:3      | Found a one-way gate to the infinite horrors of the Abyss.
  2677 | D:3      | Identified the +1 halberd of a sewer {distort, Str+4}
  2677 | D:3      | Noticed grindst0ne's ghost (amateur OgHu)
  2685 | D:3      | Killed from afar by a shadow imp

Illustrated notes

Levels and vault maps discovered:
D:1:      minmay_arrival_jagged, layout_loops_corners, grunt_decor_arrowhead,
          minmay_misc_feat_pillars
D:2:      layout_rooms, xom_redecorated, uniq_natasha, uniq_crazy_yiuf_cottage,
          uniq_jessica
D:3:      layout_basic, lemuel_coloured_pillars_altar,
          gammafunk_ghost_abyssal_escape

Skill      XL: |  1  2  3  4 |
---------------+-------------+-----
Conjurations   | 5 |  5.9
Short Blades   | 1 |  1.7
Stealth        | 3 |  3.4
Fighting       | 1 |  1.1
Dodging        | |  2.8
Spellcasting   | |  3.7

Action                   |  1- 3 |  4- 6 || total
-------------------------+-------+-------++-------
Melee: Dagger            |     3 |    26 ||    29
 Cast: Magic Dart        |    43 |    55 ||    98
       Searing Ray       |       |     1 ||     1
       Dazzling Flash    |       |     1 ||     1
  Use: Scroll            |     2 |     2 ||     4
       Potion            |       |     2 ||     2
 Stab: Sleeping          |     2 |       ||     2
Armor: Robe              |     1 |     6 ||     7
Dodge: Dodged            |     4 |    17 ||    21
